 Dungeon Crawl Stone Soup version bcrawl-1.19.1 (webtiles) character file.

Game seed: 13504089171728923070

334 MisterOstroum the Destroyer (level 6, -12/36 HPs)
             Began as a Fairy Conjurer on Nov 22, 2019.
             Killed by divine providence
             ... invoked by an orc priest
              (15 damage)
             ... on level 4 of the Dungeon.
             The game lasted 00:03:41 (3576 turns).

MisterOstroum the Destroyer (Fairy Conjurer)        Turns: 3576, Time: 00:03:42

Health: -12/36     AC:  5    Str:  6    XL:     6   Next: 53%
Magic:  0/12       EV: 16    Int: 21    God:
Gold:   226        SH:  5    Dex: 12    Spells: 1/10 levels left

rFire    . . .     SeeInvis .   m - -1 dagger (curse)
rCold    . . .     Gourm    .   (shield restricted)
rNeg     . . .     Faith    .   (armour unavailable)
rPois    .         Spirit   .   (no helmet)
rElec    .         Reflect  .   (no cloak)
rCorr    .         Harm     .   (no gloves)
MR       .....                  (no boots)
Stlth    +.........             (no amulet)
HPRegen  0.12/turn              (no ring)
MPRegen  0.13/turn              (no ring)

@: flying evasively
A: small, magic attunement, unstealthy, unfitting armour, able to fly, AC/SH +5
a: Stop Flying


You were on level 4 of the Dungeon.
You were not hungry.

You visited 1 branch of the dungeon, and saw 4 of its levels.

You collected 226 gold pieces.

Inventory:

Hand Weapons
 m - a cursed -1 dagger (weapon)
Armour
 a - a +0 pair of gloves
 l - a +0 helmet
Scrolls
 c - 2 scrolls of remove curse {unknown}
 d - 3 scrolls of identify {unknown}
 f - a scroll of fog {unknown}
 h - 2 scrolls of teleportation {unknown}
 i - a scroll of blinking {unknown}
 n - a scroll of magic mapping {unknown}
 p - a scroll of immolation {unknown}
Potions
 b - a potion of magic
 g - a potion of heal wounds {unknown}
 j - a potion of lignification {unknown}
 k - a potion of curing {unknown}
 q - a potion of degeneration {unknown}
Comestibles
 e - 4 rations {!d}


   Skills:
 - Level 2.6 Dodging
 - Level 1.5 Stealth
 - Level 2.6 Spellcasting
 + Level 9.2 Conjurations


You had one spell level left.
You knew the following spells:

 Your Spells              Type           Power        Failure   Level  Hunger
a - Magic Dart            Conj           ####         1%          1    None
b - Irradiate             Conj/Tmut      ###.......   50%         5    None
c - Iskenderun's Mystic   Conj           #####...     1%          3    None

Your spell library contained the following spells:

 Spells                   Type           Power        Failure   Level  Hunger
 Searing Ray              Conj           #####.       1%          2    None
 Fulminant Prism          Conj/Hex       ###.......   21%         4    None


Dungeon Overview and Level Annotations

Branches:
Dungeon (4/12)
 Temple: D:4-7

Altars:
Fedhas
Gozag
Lugonu
Trog


Innate Abilities, Weirdness & Mutations

Your spells do not cause hunger and MP costs are reduced by 1.
Your bright wings attract enemies. (Stealth-)
You cannot fit into any form of body armour.
Your shimmering scales are hard and can block incoming attacks. (AC +5, SH +5)
You are small and have problems with some larger weapons.
You can fly continuously.


Message History

Things that are here:
a +0 mace; an orc skeleton You start resting.
Some of the chunks of flesh in your inventory have rotted away.
Magic restored.
HP restored.
There is a stone staircase leading down here.
You start resting.
Eating a chunk of flesh.
You eat the chunk of flesh.
This raw flesh tastes terrible.
HP restored.
There is a stone staircase leading down here.
You fly downwards.
There is a stone staircase leading up here.
Found a chain mail.
You see here a chain mail.
Found a stone staircase leading down.
A hound and 2 orcs come into view.
The orc shouts! x2
An orc priest comes into view. It is wielding a +0 flail. x2
Found an embroidered cloak and a metallic pink potion.
Casting: Iskenderun's Mystic Blast (safe; 1% risk of failure)
Confirm with . or Enter, or press ? or * to list all spells.
Aiming: Iskenderun's Mystic Blast (safe; 1% risk of failure)
Press: ? - help, Shift-Dir - straight line, f - orc
Aim: an orc, wielding a +0 short sword and wearing a +0 leather armour The orb of energy hits the orc.
The orc is moderately wounded.
The orb of energy explodes!
The orc priest shouts! x2
The teleport trap disappears.
The worker ant disappears!
A quokka comes into view.
Casting: Iskenderun's Mystic Blast (safe; 1% risk of failure)
Confirm with . or Enter, or press ? or * to list all spells.
Aiming: Iskenderun's Mystic Blast (safe; 1% risk of failure)
Press: ? - help, Shift-Dir - straight line, f/p - orc
Aim: an orc, wielding a +0 short sword and wearing a +0 leather armour (moderately wounded)
The orb of energy hits the orc.
You kill the orc!
An orc comes into view. It is wielding a +0 dagger.
Casting: Iskenderun's Mystic Blast (safe; 1% risk of failure)
Confirm with . or Enter, or press ? or * to list all spells.
Aiming: Iskenderun's Mystic Blast (safe; 1% risk of failure)
Press: ? - help, Shift-Dir - straight line, f - hound
Aim: a hound The orb of energy hits the hound.
The hound is lightly wounded.
The orc priest calls down the wrath of Beogh upon you.
Beogh smites you!
Casting: Iskenderun's Mystic Blast (safe; 1% risk of failure)
Confirm with . or Enter, or press ? or * to list all spells.
Aiming: Iskenderun's Mystic Blast (safe; 1% risk of failure)
Press: ? - help, Shift-Dir - straight line, f/p - hound
Aim: a hound (lightly wounded)
The orb of energy hits the hound.
The hound is heavily wounded.
The orb of energy explodes!
The hound closely misses you.
The orc priest calls down the wrath of Beogh upon you.
Beogh smites you! The hound closely misses you. The hound barely misses you.
The hound bites you.
You see here a chain mail.
The hound bites you but does no damage. The hound bites you.
Casting: Iskenderun's Mystic Blast (safe; 1% risk of failure)
Confirm with . or Enter, or press ? or * to list all spells.
Aiming: Iskenderun's Mystic Blast (safe; 1% risk of failure)
Press: ? - help, Shift-Dir - straight line, f/p - hound
Aim: a hound (heavily wounded)
The orb of energy hits the hound.
You kill the hound!
The orb of energy explodes!
The mystic blast hits the orc.
You kill the orc!
Casting: Iskenderun's Mystic Blast (safe; 1% risk of failure)
Confirm with . or Enter, or press ? or * to list all spells.
Aiming: Iskenderun's Mystic Blast (safe; 1% risk of failure)
Press: ? - help, Shift-Dir - straight line, f - orc priest
Aim: an orc priest, wielding a +0 flail and wearing a +0 scale mail The orb of energy hits the orc priest.
The orc priest is almost dead.
The orc priest mumbles some strange prayers to Beogh against you.
Pain shoots through your body!
* * * LOW HITPOINT WARNING * * *
Casting: Iskenderun's Mystic Blast (safe; 1% risk of failure)
Confirm with . or Enter, or press ? or * to list all spells.
Aiming: Iskenderun's Mystic Blast (safe; 1% risk of failure)
Press: ? - help, Shift-Dir - straight line, f/p - orc priest
Aim: an orc priest, wielding a +0 flail and wearing a +0 scale mail (almost dead)
The orb of energy hits the orc priest.
The orc priest is almost dead.
Casting: Iskenderun's Mystic Blast (safe; 1% risk of failure)
Confirm with . or Enter, or press ? or * to list all spells.
Aiming: Magic Dart (safe; 1% risk of failure)
Press: ? - help, Shift-Dir - straight line, f/p - orc priest
Aim: an orc priest, wielding a +0 flail and wearing a +0 scale mail (almost dead)
The magic dart hits the orc priest.
The orc priest is almost dead.
The orc priest calls down the wrath of Beogh upon you.
Beogh smites you!
You die...

#........ .?...oor.
#........ ########## #
#.$>!.... #......... #.
#....o... #.#######.
#.##..o....[ #.#.#####.
#..#.####
#########.#^......
+.......# #
#.........#.######
##.#.##.##.#
#@#########.#
#.#.......#
#.#.........# #
####[######.#.#########
#.).ro.o.#.#
##########.# #.# #.#
#.####### #......<#


You could see an orc priest.

Vanquished Creatures
  A howler monkey (D:3)
  A crimson imp (D:3)
  A hound (D:4)
  An orc wizard (D:4)
  Terence (D:2)
  A worker ant (D:3)
  Robin (D:2)
  2 adders
  An ooze (D:1)
  5 worms (D:2)
  3 dart slugs
  5 leopard geckos
  6 orcs
  A ball python (D:1)
  3 bats (D:1)
  2 giant cockroaches
  21 goblins
  9 hobgoblins
  4 jackals
  A quokka (D:2)
  5 frilled lizards
  9 kobolds
  9 rats
93 creatures vanquished.

Notes
Turn   | Place    | Note
-------+----------+-------------------------------------------
     0 | D:1      | MisterOstroum the Fairy Conjurer began the quest for the
                  | Orb.
     0 | D:1      | Reached XP level 1. HP: 11/11 MP: 6/6
    71 | D:1      | Reached skill level 5 in Conjurations
    78 | D:1      | Reached XP level 2. HP: 15/17 MP: 7/7
   307 | D:1      | Reached XP level 3. HP: 21/21 MP: 9/9
   336 | D:1      | Reached skill level 6 in Conjurations
   394 | D:1      | Learned a level 3 spell: Iskenderun's Mystic Blast
  1180 | D:2      | Noticed Terence
  1286 | D:2      | Killed Terence
  1286 | D:2      | Reached XP level 4. HP: 11/27 MP: 0/10
  1480 | D:2      | Reached skill level 7 in Conjurations
  1609 | D:2      | Found a corrupted altar of Lugonu.
  1797 | D:2      | Noticed Robin
  1819 | D:2      | Killed Robin
  1901 | D:2      | Noticed a moth of wrath
  1903 | D:2      | Reached XP level 5. HP: 31/31 MP: 11/11
  1957 | D:2      | Found a bloodstained altar of Trog.
  2396 | D:3      | Found an opulent altar of Gozag.
  2397 | D:3      | Reached skill level 8 in Conjurations
  2870 | D:3      | Reached XP level 6. HP: 36/36 MP: 7/12
  2931 | D:3      | Found a blossoming altar of Fedhas.
  3036 | D:3      | Learned a level 5 spell: Irradiate
  3349 | D:4      | Reached skill level 9 in Conjurations
  3576 | D:4      | Killed from afar by an orc priest

Skill      XL: |  1  2  3  4  5  6 |
---------------+-------------------+-----
Conjurations   | 5 6 7 8 9 |  9.2
Dodging        | |  2.6
Stealth        | |  1.5
Spellcasting   | |  2.6

Action                   |  1- 3 |  4- 6 || total
-------------------------+-------+-------++-------
 Cast: Magic Dart        |    59 |    56 ||   115
       Iskenderun's Myst |    22 |    51 ||    73
  Eat: Chunk             |       |     8 ||     8
Armor: Skin              |     1 |     5 ||     6
Dodge: Dodged            |    15 |    14 ||    29
Block: Other             |     3 |     4 ||     7
